 Dungeon Crawl Stone Soup version 0.30.0-5-g1a98f26d00 (webtiles) character file.

Game seed: 10004342612325900671

158 NateTC the Trooper (level 5, -13/35 HPs)
             Began as a Gargoyle Fighter on May 11, 2023.
             Killed by divine providence
             ... invoked by an orc priest
              (15 damage)
             ... on level 3 of the Dungeon.
             The game lasted 00:02:43 (1618 turns).

NateTC the Trooper (Gargoyle Fighter)               Turns: 1618, Time: 00:02:44

Health: -13/35     AC: 10    Str: 22    XL:     5   Next: 40%
Magic:  5/5        EV:  9    Int:  8    God:
Gold:   105        SH:  4    Dex:  9    Spells: 4/4 levels left

rFire   . . .        a - +0 flail
rCold   . . .        c - +0 buckler
rNeg    + . .        b - +0 scale mail
rPois   ∞            (no helmet)
rElec   +            (no cloak)
rCorr   .            (no gloves)
SInv    .            (no boots)
Will    .....        (no amulet) Stlth
                     (no ring)
HPRegen 0.25/turn    (no ring)
MPRegen 0.09/turn

%: no passive effects
@: no status effects
A: sickness immunity, AC +4, negative energy resistance 1, electricity
resistance, torment resistance 1, petrification resistance
a: no special abilities


You were on level 3 of the Dungeon.
You visited 1 branch of the dungeon, and saw 3 of its levels.

You collected 105 gold pieces.

Inventory:

Hand Weapons
 a - a +0 flail (weapon)
Armour
 b - a +0 scale mail (worn)
 c - a +0 buckler (worn)
Scrolls
 k - a scroll of magic mapping {unknown}
 m - a scroll of identify
Potions
 d - 2 potions of might
 e - a potion of attraction
 f - 2 potions of magic {unknown}
 g - 2 potions of berserk rage
 h - a potion of haste
 i - 2 potions of mutation {unknown}
 j - a potion of invisibility {unknown}
 l - 2 potions of brilliance {unknown}


   Skills:
 - Level 5.0 Fighting
 + Level 4.2 Maces & Flails
 - Level 3.2 Armour
 - Level 3.2 Shields


You had 4 spell levels left.
You didn't know any spells.
Your spell library contained the following spells:

 Spells                   Type           Power      Damage    Failure   Level
 Portal Projectile        Hex/Tloc       0%         N/A       99%         3
 Tukima's Dance           Hex            0%         N/A       99%         3
 Blade Hands              Tmut           0%         N/A       100%        5


Dungeon Overview and Level Annotations

Branches:
Dungeon (3/15) Zot: 16315

Altars:

Annotations:
D:2 1 runed translucent door, Crazy Yiuf


Innate Abilities, Weirdness & Mutations

You are immune to sickness and miasma.
Your stone body is resilient. (AC +4)
You are immune to poison.
You resist negative energy. (rN+)
You are resistant to electric shocks. (rElec)
You are resistant to unholy torment.
You are immune to petrification.


Message History

a +0 dagger; a goblin corpse An orc comes into view.
It is wielding a +0 flail.
The orc shouts!
You hear a shout!
There are monsters nearby!
The orc priest calls down the wrath of Beogh upon you.
Pain shoots through your body!
An orc comes into view. It is wielding a +0 dagger.
There are monsters nearby!
You block the orc priest's attack.
An orc priest comes into view. It is wielding a +0 dagger.
There are monsters nearby!
You thump the orc priest!
The orc priest is heavily wounded.
The orc priest misses you.
You closely miss the orc priest.
The orc priest is heavily wounded.
The orc priest hits you with a +2 war axe of freezing.
The orc priest freezes you. The orc barely misses you.
A rat comes into view.
The orc priest hits you with a +2 war axe of freezing.
The orc priest freezes you. The orc barely misses you.
The rat moves out of view.
You hit the orc priest.
The orc priest is almost dead.
The orc priest calls down the wrath of Beogh upon you.
Beogh smites you! The orc hits you with a +0 flail.
* * * LOW HITPOINT WARNING * * *
You are too injured to fight recklessly!
You sock the orc priest!
You kill the orc priest!
The orc closely misses you.
An orc comes into view. It is wielding a +0 club.
The orc hits you with a +0 dagger.
* * * LOW HITPOINT WARNING * * *
Your Maces & Flails skill increases to level 4!
The orc attacks as you move away! The orc hits you with a +0 flail.
* * * LOW HITPOINT WARNING * * *
The orc priest invokes the aid of Beogh against you.
Beogh smites you!
You die...

..### .......# ..+.#
.......# ..#'###
#......# ......####
#......##
.........######........
.....###.......(.......
.....####......)###....
###.....#.......#######
........#.......@..#
................o..#
....##..........o.)...#
....##..........#.#o..#
................#.....#
##..............##....#
............#... ..r.#
............#... ....#
............# ...o#


You could see an orc priest and 2 orcs.

Vanquished Creatures
  An orc priest (D:3)
  Jessica (D:2)
  3 adders
  3 dart slugs
  13 endoplasms
  2 giant cockroaches (D:1)
  7 goblins
  8 hobgoblins
  4 jackals (D:2)
  2 quokkas
  3 ball pythons
  4 bats
  2 frilled lizards
  2 kobolds (D:1)
  9 rats
64 creatures vanquished.

Notes
Turn   | Place    | Note
-------+----------+-------------------------------------------
     0 | D:1      | NateTC the Gargoyle Fighter began the quest for the Orb.
     0 | D:1      | Reached XP level 1. HP: 14/14 MP: 1/1
    82 | D:1      | Reached XP level 2. HP: 14/20 MP: 2/2
   216 | D:1      | Reached skill level 4 in Fighting
   316 | D:1      | Reached XP level 3. HP: 24/24 MP: 3/3
   993 | D:1      | Reached XP level 4. HP: 24/30 MP: 4/4
  1195 | D:2      | Found a runed translucent door.
  1196 | D:2      | Noticed Crazy Yiuf
  1386 | D:2      | Noticed Jessica
  1388 | D:2      | Found a faded altar of an unknown god.
  1390 | D:2      | Killed Jessica
  1391 | D:2      | Reached skill level 5 in Fighting
  1532 | D:3      | Reached XP level 5. HP: 29/35 MP: 5/5
  1618 | D:3      | Killed from afar by an orc priest

Illustrated notes

Levels and vault maps discovered:
D:1:      scummos_arrival_checkerplants, layout_basic, minmay_close_crescents
D:2:      layout_rooms, hellmonk_ecumenical_altar_lost_god, uniq_jessica,
          uniq_crazy_yiuf_cottage
D:3:      layout_basic, chequers_decorated_corner, grunt_ministairs_1,
          kennysheep_generic_room_9

Skill      XL: |  1  2  3  4  5 |
---------------+----------------+-----
Fighting       | 4 5 |  5.0
Maces & Flails | 3 4 |  4.2
Armour         | |  3.2
Shields        | |  3.2

Action                     |  1- 3 |  4- 6 || total
---------------------------+-------+-------++-------
  Melee: Flail             |   140 |    86 ||   226
    Use: Scroll            |     5 |     1 ||     6
 Armour: Scale mail        |   100 |    64 ||   164
  Dodge: Dodged            |    77 |    61 ||   138
  Block: Buckler           |    35 |    27 ||    62
